BSA
NEW ORLEANS LOOTERS @ ORLANDO CALRISSIAN
05/06/2030
 
TOP OF THE 1ST
New Orleans Looters batting - Pitching for Orlando Calrissian : LHP Xavier Velázquez
Pitching: LHP Xavier Velázquez
Batting: LHB Miguel Colón 0-0: Called Strike
0-1: Foul Ball, location: 2F
0-2: Foul Ball, location: 2F
0-2: Foul Ball, location: 2F
0-2: Foul Ball, location: 2F
0-2: Ball
1-2: Foul Ball, location: 2F
1-2: Ball
2-2: Hit by Pitch
Batting: RHB Dan Banks 0-0: Ball
1-0: Called Strike
1-1: Ball
2-1: Ball
3-1: SINGLE (Flyball, 34D)
Miguel Colón to second
Runner from 2nd tries for 3rd, SAFE, no throw
Batting: SHB Arturo Sánchez 0-0: Ball
1-0: Ball
2-0: Ball
3-0: Called Strike
3-1: Fly out, F5 (Line Drive, 56)
Batting: RHB Greg Handrahan 0-0: Ball
1-0: 3-RUN HOME RUN (Flyball, 89D), Distance : 394 ft
Batting: SHB Oliver Deleón 0-0: Ball
1-0: Swinging Strike
1-1: Fly out, F3 (Popup, 3S)
Batting: RHB Dave O'Loan 0-0: Ground out 5-3 (Groundball, 5L)
Top of the 1st over - 3 runs, 2 hits, 0 errors, 0 left on base; New Orleans 3 - Orlando 0
BOTTOM OF THE 1ST
Orlando Calrissian batting - Pitching for New Orleans Looters : RHP Anthony O'Connor
Pitching: RHP Anthony O'Connor
Batting: LHB Craig Kenney 0-0: Ball
1-0: Ball
2-0: Ball
3-0: Called Strike
3-1: Foul Ball, location: 2F
3-2: Fly out, F6 (Popup, 6MS)
Batting: SHB Tim Abbott 0-0: SINGLE (Flyball, 89S)
Batting: RHB Rich Anderson 0-0: Ball
1-0: Foul Ball, location: 2F
1-1: Ball
2-1: Swinging Strike
2-2: Strikes out swinging
Batting: RHB Raúl Canó 0-0: Ground out 4-3 (Groundball, 34)
Bottom of the 1st over - 0 runs, 1 hit, 0 errors, 1 left on base; New Orleans 3 - Orlando 0
TOP OF THE 2ND
New Orleans Looters batting - Pitching for Orlando Calrissian : LHP Xavier Velázquez
Batting: RHB Ramón Hernández 0-0: Ball
1-0: Foul Ball, location: 2F
1-1: Fly out, F7 (Line Drive, 7D)
Batting: RHB Run-ming Zhu 0-0: Ball
1-0: Ball
2-0: Ball
3-0: Ground out 6-3 (Groundball, 6)
Batting: LHB Eduardo Rodríguez 0-0: Called Strike
0-1: Called Strike
0-2: Strikes out swinging, 2-3 out at first.
Top of the 2nd over - 0 runs, 0 hits, 0 errors, 0 left on base; New Orleans 3 - Orlando 0
BOTTOM OF THE 2ND
Orlando Calrissian batting - Pitching for New Orleans Looters : RHP Anthony O'Connor
Batting: RHB Júlio Negrón 0-0: Called Strike
0-1: Swinging Strike
0-2: Foul Ball, location: 2F
0-2: Ball
1-2: Fly out, F9 (Line Drive, 9)
Batting: RHB Frederico Hernández 0-0: Ball
1-0: Ball
2-0: Called Strike
2-1: Foul Ball, location: 2F
2-2: Foul Ball, location: 2F
2-2: Ball
3-2: Ground out 6-3 (Groundball, 6)
Batting: RHB Gabriel Ángel 0-0: Ground out U3 (Groundball, 3L)
Bottom of the 2nd over - 0 runs, 0 hits, 0 errors, 0 left on base; New Orleans 3 - Orlando 0
TOP OF THE 3RD
New Orleans Looters batting - Pitching for Orlando Calrissian : LHP Xavier Velázquez
Batting: LHB Miguel Colón 0-0: Ball
1-0: Ball
2-0: Called Strike
2-1: Ball
3-1: Base on Balls
Batting: RHB Dan Banks 0-0: Ball
1-0: Foul Ball, location: 2F
1-1: Ball
2-1: Called Strike
2-2: Ball
3-2: Ground out 4-3 (Groundball, 4)
Miguel Colón to second
Batting: SHB Arturo Sánchez 0-0: Ball
1-0: Called Strike
1-1: Ball
2-1: Ball
3-1: Base on Balls
Batting: RHB Greg Handrahan 0-0: Called Strike
0-1: Ball
1-1: Called Strike
1-2: Ball
2-2: Ball
3-2: Fielders Choice at 2nd, 5-4 (Groundball, 56)
Miguel Colón to third
Batting: SHB Oliver Deleón 0-0: Called Strike
0-1: Foul Ball, location: 2F
0-2: Fly out, F9 (Flyball, 9S)
Top of the 3rd over - 0 runs, 0 hits, 0 errors, 2 left on base; New Orleans 3 - Orlando 0
BOTTOM OF THE 3RD
Orlando Calrissian batting - Pitching for New Orleans Looters : RHP Anthony O'Connor
Batting: RHB Robby Lewis 0-0: Called Strike
0-1: Foul Ball, location: 2F
0-2: Ground out 4-3 (Groundball, 4S)
Batting: RHB Keith Sims 0-0: Called Strike
0-1: SINGLE (Groundball, 56D)
Batting: LHB Craig Kenney 0-0: SINGLE (Groundball, 56D)
Keith Sims to second
Batting: SHB Tim Abbott 0-0: Ball
1-0: Swinging Strike
1-1: Ball
2-1: Fly out, F9 (Flyball, 9S)
Batting: RHB Rich Anderson 0-0: Called Strike
0-1: Ball
1-1: Called Strike
1-2: Fly out, F5 (Line Drive, 5)
Bottom of the 3rd over - 0 runs, 2 hits, 0 errors, 2 left on base; New Orleans 3 - Orlando 0
TOP OF THE 4TH
New Orleans Looters batting - Pitching for Orlando Calrissian : LHP Xavier Velázquez
Batting: RHB Dave O'Loan 0-0: Called Strike
0-1: Called Strike
0-2: Ball
1-2: Ball
2-2: Foul Ball, location: 2F
2-2: Ball
3-2: Base on Balls
Batting: RHB Ramón Hernández 0-0: Ball
1-0: Called Strike
1-1: 2-RUN HOME RUN (Flyball, 7LD), Distance : 351 ft
Batting: RHB Run-ming Zhu 0-0: Called Strike
0-1: SINGLE (Groundball, 56D)
Batting: LHB Eduardo Rodríguez 0-0: Ball
1-0: Fly out, F9 (Flyball, 89M)
Batting: LHB Miguel Colón 0-0: Ball
1-0: Called Strike
1-1: Reached on error, E1 (Groundball, P)
Run-ming Zhu to second
Batting: RHB Dan Banks 0-0: Ball
1-0: Foul Ball, location: 2F
1-1: Ball
2-1: Ball
3-1: Called Strike
3-2: Ground out 5-3 (Groundball, 56S)
Run-ming Zhu to third
Miguel Colón to second
Batting: SHB Arturo Sánchez 0-0: Called Strike
0-1: Ball
1-1: Called Strike
1-2: Ball
2-2: Foul Ball, location: 2F
2-2: Strikes out swinging
Top of the 4th over - 2 runs, 2 hits, 1 error, 2 left on base; New Orleans 5 - Orlando 0
BOTTOM OF THE 4TH
Orlando Calrissian batting - Pitching for New Orleans Looters : RHP Anthony O'Connor
Batting: RHB Raúl Canó 0-0: Called Strike
0-1: Ball
1-1: Ball
2-1: Ball
3-1: Called Strike
3-2: Strikes out looking
Batting: RHB Júlio Negrón 0-0: Ball
1-0: Foul Ball, location: 2F
1-1: SINGLE (Flyball, 78M)
Batting: RHB Frederico Hernández 0-0: Ball
1-0: Ball
2-0: Called Strike
2-1: Foul Ball, location: 2F
2-2: Ball
3-2: Grounds into double play, 6-4-3 (Groundball, 6)
Bottom of the 4th over - 0 runs, 1 hit, 0 errors, 0 left on base; New Orleans 5 - Orlando 0
TOP OF THE 5TH
New Orleans Looters batting - Pitching for Orlando Calrissian : LHP Xavier Velázquez
Batting: RHB Greg Handrahan 0-0: Ground out 6-3 (Groundball, 6)
Batting: SHB Oliver Deleón 0-0: Called Strike
0-1: Fly out, F5 (Popup, 5SF)
Batting: RHB Dave O'Loan 0-0: Ball
1-0: Ball
2-0: Ball
3-0: Called Strike
3-1: Base on Balls
Batting: RHB Ramón Hernández 0-0: Ball
1-0: Called Strike
1-1: Called Strike
1-2: Ball
2-2: Fielders Choice at 2nd, 5-4 (Groundball, 56)
Top of the 5th over - 0 runs, 0 hits, 0 errors, 1 left on base; New Orleans 5 - Orlando 0
BOTTOM OF THE 5TH
Orlando Calrissian batting - Pitching for New Orleans Looters : RHP Anthony O'Connor
Batting: RHB Gabriel Ángel 0-0: Swinging Strike
0-1: Ball
1-1: Called Strike
1-2: Foul Ball, location: 2F
1-2: Ball
2-2: Ball
3-2: Strikes out swinging
Batting: RHB Robby Lewis 0-0: Called Strike
0-1: Ball
1-1: Fly out, F2 (Popup, 2LF)
Batting: RHB Keith Sims 0-0: SOLO HOME RUN (Flyball, 7D), Distance : 385 ft
Batting: LHB Craig Kenney 0-0: Called Strike
0-1: Ball
1-1: Ball
2-1: Ground out 3-1 (Groundball, 34S)
Bottom of the 5th over - 1 run, 1 hit, 0 errors, 0 left on base; New Orleans 5 - Orlando 1
TOP OF THE 6TH
New Orleans Looters batting - Pitching for Orlando Calrissian : LHP Xavier Velázquez
Pitching: LHP Keith Jennings
Batting: RHB Run-ming Zhu 0-0: Ball
1-0: Foul Ball, location: 2F
1-1: Called Strike
1-2: Ball
2-2: Ball
3-2: Foul Ball, location: 2F
3-2: SINGLE (Groundball, 6MD)
Batting: LHB Eduardo Rodríguez 0-0: Ball
1-0: DOUBLE (Line Drive, 7LM)
Run-ming Zhu to third
Batting: LHB Miguel Colón 0-0: Foul Ball, location: 2F
0-1: Swinging Strike
0-2: Ball
1-2: Ball
2-2: Strikes out looking
Batting: RHB Dan Banks 0-0: Ball
1-0: Foul Ball, location: 2F
1-1: Swinging Strike
1-2: Ball
2-2: Ground out 4-3 (Groundball, 34)
Batting: SHB Arturo Sánchez 0-0: Called Strike
0-1: Foul Ball, location: 2F
0-2: Strikes out swinging
Top of the 6th over - 0 runs, 2 hits, 0 errors, 2 left on base; New Orleans 5 - Orlando 1
BOTTOM OF THE 6TH
Orlando Calrissian batting - Pitching for New Orleans Looters : RHP Anthony O'Connor
Batting: SHB Tim Abbott 0-0: Foul Ball, location: 2F
0-1: Ball
1-1: Foul Ball, location: 2F
1-2: Reached on error, E6 (Groundball, 6)
Batting: RHB Rich Anderson 0-0: Fly out, F8 (Flyball, 8LM)
Batting: RHB Raúl Canó 0-0: Swinging Strike
0-1: Called Strike
0-2: Ball
1-2: Foul Ball, location: 2F
1-2: Fly out, F4 (Popup, 4M)
Batting: RHB Júlio Negrón 0-0: Foul Ball, location: 2F
0-1: SINGLE (Line Drive, 78S)
Tim Abbott to third
Runner from 3rd tries for Home, SAFE, no throw
Batting: RHB Frederico Hernández 0-0: Ball
1-0: Swinging Strike
1-1: Ball
2-1: Swinging Strike
2-2: Strikes out looking
Bottom of the 6th over - 1 run, 1 hit, 1 error, 1 left on base; New Orleans 5 - Orlando 2
TOP OF THE 7TH
New Orleans Looters batting - Pitching for Orlando Calrissian : LHP Keith Jennings
Batting: RHB Greg Handrahan 0-0: Called Strike
0-1: Called Strike
0-2: Foul Ball, location: 2F
0-2: Ball
1-2: Ball
2-2: Foul Ball, location: 2F
2-2: SINGLE (Groundball, 6D)
Batting: SHB Oliver Deleón 0-0: Called Strike
0-1: Ball
1-1: Ball
2-1: Foul Ball, location: 2F
2-2: Ball
Wild Pitch!
Greg Handrahan to second
3-2: Ground out 1-3 (Groundball, 15S)
Batting: RHB Dave O'Loan 0-0: Ball
1-0: Ball
2-0: Ball
3-0: Called Strike
3-1: Base on Balls
Batting: RHB Ramón Hernández 0-0: Ball
1-0: Ball
2-0: Called Strike
2-1: Called Strike
2-2: Ball
3-2: Base on Balls
Greg Handrahan to third
Dave O'Loan to second
Batting: RHB Run-ming Zhu 0-0: Called Strike
0-1: Ball
1-1: Ball
2-1: Called Strike
2-2: Grounds into fielders choice 4-2 (Groundball, 4)
Dave O'Loan to third
Ramón Hernández to second
Batting: LHB Eduardo Rodríguez 0-0: SINGLE (Flyball, 7S)
Dave O'Loan scores
Ramón Hernández to third
Run-ming Zhu to second
Runner from 3rd tries for Home, SAFE, throw made home
Batting: LHB Miguel Colón 0-0: Swinging Strike
0-1: Swinging Strike
0-2: Ball
1-2: Strikes out looking
Top of the 7th over - 2 runs, 2 hits, 0 errors, 2 left on base; New Orleans 7 - Orlando 2
BOTTOM OF THE 7TH
Orlando Calrissian batting - Pitching for New Orleans Looters : RHP Anthony O'Connor
Pitching: RHP Lane Lund
Batting: RHB Gabriel Ángel 0-0: Ball
1-0: Foul Ball, location: 2F
1-1: Ball
2-1: SINGLE (Flyball, 8RS)
Batting: RHB Robby Lewis 0-0: Ball
1-0: Called Strike
1-1: Ground out 3-1 (Groundball, 34S)
Gabriel Ángel to second
Batting: RHB Keith Sims 0-0: Ball
1-0: Ball
2-0: Ball
3-0: Base on Balls
Batting: LHB Craig Kenney 0-0: Ground out 3-1 (Groundball, 34S)
Gabriel Ángel to third
Keith Sims to second
Batting: SHB Tim Abbott 0-0: Ball
1-0: Ball
2-0: Fly out, F9 (Flyball, 9S)
Bottom of the 7th over - 0 runs, 1 hit, 0 errors, 2 left on base; New Orleans 7 - Orlando 2
TOP OF THE 8TH
New Orleans Looters batting - Pitching for Orlando Calrissian : LHP Keith Jennings
Batting: RHB Dan Banks 0-0: Ball
1-0: Fly out, F9 (Flyball, 9S)
Batting: SHB Arturo Sánchez 0-0: SINGLE (Line Drive, 56D)
Pitching: LHP Javier Duarte
Batting: RHB Greg Handrahan 0-0: Ball
1-0: Fly out, F8 (Flyball, 8LM)
Batting: SHB Oliver Deleón 0-0: Called Strike
0-1: Ball
1-1: Called Strike
1-2: Foul Ball, location: 2F
1-2: Foul Ball, location: 2F
1-2: Ball
2-2: Foul Ball, location: 2F
2-2: Ball
3-2: Base on Balls
Arturo Sánchez to second
Batting: RHB Dave O'Loan 0-0: Ball
1-0: Ball
2-0: Fielders Choice at 2nd, 5-4 (Groundball, 56)
Top of the 8th over - 0 runs, 1 hit, 0 errors, 2 left on base; New Orleans 7 - Orlando 2
BOTTOM OF THE 8TH
Orlando Calrissian batting - Pitching for New Orleans Looters : RHP Lane Lund
Batting: RHB Rich Anderson 0-0: Foul Ball, location: 2F
0-1: Ball
1-1: Foul Ball, location: 2F
1-2: Ball
2-2: Ball
3-2: Base on Balls
Batting: RHB Raúl Canó 0-0: Ball
1-0: Fly out, F8 (Flyball, 8RS)
Batting: RHB Júlio Negrón 0-0: Called Strike
0-1: Ball
1-1: Foul Ball, location: 2F
1-2: Foul Ball, location: 2F
1-2: Ball
2-2: Fielders Choice at 2nd, 6-4 (Groundball, 6)
Batting: RHB Frederico Hernández 0-0: Called Strike
0-1: Swinging Strike
0-2: Ground out 1-3 (Groundball, P)
Bottom of the 8th over - 0 runs, 0 hits, 0 errors, 1 left on base; New Orleans 7 - Orlando 2
TOP OF THE 9TH
New Orleans Looters batting - Pitching for Orlando Calrissian : LHP Javier Duarte
Batting: RHB Ramón Hernández 0-0: Foul Ball, location: 2F
0-1: Foul Ball, location: 2F
0-2: Ball
1-2: Ball
2-2: Ball
3-2: Foul Ball, location: 2F
3-2: DOUBLE (Line Drive, 7LM)
Batting: RHB Run-ming Zhu 0-0: Called Strike
0-1: Foul Ball, location: 2F
0-2: Foul Ball, location: 2F
0-2: Hit by Pitch
Batting: LHB Eduardo Rodríguez 0-0: Bunt missed!
0-1: Sac Bunt - play at first, batter OUT! 5-4
Ramón Hernández to third
Run-ming Zhu to second
Batting: LHB Miguel Colón 0-0: Ball
1-0: Foul Ball, location: 2F
1-1: Fly out, F1 (Line Drive, 15)
Batting: RHB Dan Banks 0-0: Called Strike
0-1: Swinging Strike
0-2: Strikes out looking
Top of the 9th over - 0 runs, 1 hit, 0 errors, 2 left on base; New Orleans 7 - Orlando 2
BOTTOM OF THE 9TH
Orlando Calrissian batting - Pitching for New Orleans Looters : RHP Lane Lund
Batting: RHB Gabriel Ángel 0-0: Ball
1-0: SINGLE (Flyball, 4MD)
Batting: RHB Robby Lewis 0-0: Swinging Strike
0-1: Foul Ball, location: 2F
0-2: Ball
1-2: Strikes out looking
Batting: RHB Keith Sims 0-0: Ball
1-0: Foul Ball, location: 2F
1-1: Swinging Strike
1-2: Ground out 4-3 (Groundball, 34)
Gabriel Ángel to second
Batting: LHB Craig Kenney 0-0: Foul Ball, location: 2F
0-1: Ball
1-1: Called Strike
1-2: Strikes out swinging
Bottom of the 9th over - 0 runs, 1 hit, 0 errors, 1 left on base; New Orleans 7 - Orlando 2
Saturday, April 7th, 2018 - OOTP Baseball 18.8 Build 76